[Event "Titled Tuesday Blitz July 25 Late 2023"]
[White "Ponizil, Cyril"]
[Black "Moore, Nicholas"]
[WhiteFideId "322202"]
[BlackFideId "4303709"]
[WhiteElo "2619"]
[BlackElo "2448"]
[Result "1-0"]
[Round "9"]
[TimeControl "180+2"]
[Date "2023.07.25"]
[WhiteClock "0:01:44"]
[BlackClock "0:00:32"]
[Board "63"]

1. e4 c5 2. Nf3 e6 3. d4 cxd4 4. Nxd4 Nc6 5. Nc3 Qc7 6. g3 a6 7. Bg2 Nf6 8. O-O Nxd4 9. Qxd4 Bc5 10. Bf4 d6 11. Qd2 h6 12. Rad1 e5 13. Be3 Be6 14. Bxc5 dxc5 15. Qd6 Qxd6 16. Rxd6 Ke7 17. Rfd1 Rhd8 18. Rb6 Rxd1+ 19. Nxd1 Rb8 20. Ne3 Kd7 21. c4 Kc7 22. Rb3 Rd8 23. Nd5+ Bxd5 24. exd5 Ne8 25. Re3 f6 26. f4 Kd6 27. fxe5+ fxe5 28. Rb3 Kc7 29. Rf3 Nd6 30. b3 Re8 31. Bh3 Kb6 32. Be6 Ka5 33. a3 b5 34. Rc3 b4 35. axb4+ Kxb4 36. Re3 e4 37. g4 a5 38. Kf2 a4 39. bxa4 Kxa4 40. Bd7+ Kb4 41. Bxe8 Nxe8 42. Rxe4 Nd6 43. Re6 Nxc4 44. Re4 Kb5 45. Rxc4 Kxc4 46. d6 1-0


[Site "https://www.chess.com"]

[Event "Titled Tuesday Blitz July 25 Late 2023"]
[White "Pniaczek, Marek"]
[Black "Salik, Serkan"]
[WhiteFideId "21800421"]
[BlackFideId "30952492"]
[WhiteElo "2447"]
[BlackElo "2597"]
[Result "0-1"]
[Round "9"]
[TimeControl "180+2"]
[Date "2023.07.25"]
[WhiteClock "0:00:52"]
[BlackClock "0:00:11"]
[Board "64"]

1. e4 e5 2. Nf3 Nc6 3. Bc4 Bc5 4. c3 Nf6 5. d3 O-O 6. O-O d6 7. Re1 Be6 8. Bxe6 fxe6 9. b4 Bb6 10. a4 a6 11. a5 Ba7 12. Nbd2 Ng4 13. Re2 Qf6 14. Nf1 d5 15. h3 Nh6 16. Ng3 Qg6 17. Be3 Rxf3 18. gxf3 Bxe3 19. Rxe3 d4 20. cxd4 Nxd4 21. Kh2 Rf8 22. Qh1 Qf7 23. Qg2 Nxf3+ 24. Kh1 Nh4 25. Qg1 Ng6 26. Ra2 Nf4 27. Qh2 Qe7 28. Rb2 Rd8 29. Ne2 Nxd3 30. Rd2 Nxf2+ 31. Qxf2 Rxd2 32. Qe1 Qd8 33. Nc3 Rd4 34. Rf3 Qe7 35. b5 Nf7 36. bxa6 bxa6 37. Qb1 Qb4 38. Qa2 Qc4 39. Qb1 g6 40. Qb8+ Rd8 41. Qb2 Ng5 42. Re3 Qf1+ 43. Kh2 Qf4+ 44. Rg3 Rd2+ 45. Kh1 Qf1+ 0-1


[Site "https://www.chess.com"]

[Event "Titled Tuesday Blitz July 25 Late 2023"]
[White "Sztokbant, Bernardo Vainzoff"]
[Black "Sivakumar, Shaashwath"]
[WhiteFideId "2115956"]
[BlackFideId "30912156"]
[WhiteElo "2437"]
[BlackElo "2596"]
[Result "0-1"]
[Round "9"]
[TimeControl "180+2"]
[Date "2023.07.25"]
[WhiteClock "0:00:19"]
[BlackClock "0:00:21"]
[Board "65"]

1. e4 c5 2. Nf3 d6 3. d4 cxd4 4. Qxd4 Nc6 5. Bb5 Bd7 6. Bxc6 Bxc6 7. Nc3 Nf6 8. O-O e6 9. Bg5 Be7 10. Rfe1 O-O 11. Rad1 Qc7 12. Qd3 Rfd8 13. Nd4 a6 14. f3 b5 15. Nxc6 Qxc6 16. a3 Rab8 17. Ne2 Qc7 18. Nd4 Rdc8 19. c3 Qb7 20. Be3 Qc7 21. Bf2 Qb7 22. Bg3 Nd7 23. Nb3 Ne5 24. Bxe5 dxe5 25. Qd7 Qb6+ 26. Kh1 Bf8 27. Qd3 a5 28. Nc1 Qc5 29. Qe3 Qc7 30. Rd3 b4 31. axb4 axb4 32. Red1 bxc3 33. Rxc3 Qa5 34. Rxc8 Rxc8 35. h3 g6 36. Nd3 Rd8 37. Qe2 Qb5 38. Qc2 Qb8 39. b3 h5 40. Nf2 Rc8 41. Qd3 Qb4 42. Qd7 Rc2 43. Nd3 Qc3 44. b4 Bxb4 45. Qe8+ Bf8 46. Qd8 Rd2 47. Rxd2 Qxd2 48. Qd7 Qd1+ 49. Kh2 Qa1 50. Qc7 Bg7 51. Qd8+ Kh7 52. Qd7 Qd4 53. Qb5 Qd8 54. Qc4 Qf6 55. Qc7 Bh6 56. Kg1 Be3+ 57. Kf1 Bd4 58. Ke2 Kg7 59. g4 Qg5 60. Ne1 Qe3+ 61. Kd1 Bc3 62. Qd7 Qxe1+ 63. Kc2 Bd4 64. g5 Qc3+ 65. Kd1 Qd3+ 66. Ke1 Bc3+ 67. Kf2 Qxd7 68. h4 Qd2+ 69. Kg3 Qf4+ 70. Kg2 Be1 71. Kf1 Qg3 72. Ke2 Qf2+ 73. Kd3 Qd2+ 74. Kc4 Qf4 75. Kb5 Qxf3 76. Kc6 Qxe4+ 77. Kd7 Qxh4 78. Ke8 Qxg5 79. Kd7 Qd2+ 80. Ke8 Qa5 81. Ke7 Qb6 82. Ke8 Qb7 83. Kd8 Kf6 84. Ke8 Kf5 85. Kf8 f6 86. Kg8 g5 87. Kh8 g4 88. Kg8 h4 89. Kh8 g3 90. Kg8 h3 91. Kf8 Kg6 92. Ke8 Ba5 93. Kf8 Qf7# 0-1


[Site "https://www.chess.com"]

[Event "Titled Tuesday Blitz July 25 Late 2023"]
[White "Pinheiro, Iung Alicio de O."]
[Black "Mickiewicz, Piotr"]
[WhiteFideId "2104350"]
[BlackFideId "1114891"]
[WhiteElo "2596"]
[BlackElo "2437"]
[Result "0-1"]
[Round "9"]
[TimeControl "180+2"]
[Date "2023.07.25"]
[WhiteClock "0:00:07"]
[BlackClock "0:00:12"]
[Board "66"]

1. e4 c5 2. Nf3 e6 3. d3 Nc6 4. g3 d5 5. Qe2 Nf6 6. Bg2 Be7 7. O-O O-O 8. e5 Nd7 9. c4 d4 10. h4 h6 11. Bf4 Rb8 12. Re1 a6 13. Nbd2 b5 14. Nf1 Bb7 15. b3 bxc4 16. bxc4 Nb6 17. N1h2 Na4 18. h5 Nc3 19. Qd2 Kh7 20. Ng4 Rh8 21. Bxh6 gxh6 22. Qxh6+ Kg8 23. Qf4 Rxh5 24. Nf6+ Bxf6 25. exf6 Kf8 26. g4 Rh8 27. Ng5 Nb4 28. Rxe6 Nxd3 29. Qf5 Bxg2 30. Nxf7 Ba8 31. f3 Qc7 32. Nd6 Ne2+ 33. Kg2 Nef4+ 34. Kg3 Rh3# 0-1


[Site "https://www.chess.com"]

[Event "Titled Tuesday Blitz July 25 Late 2023"]
[White "Hajiyev, Kanan"]
[Black "Arnold, Ken"]
[WhiteFideId "13404148"]
[BlackFideId "2056836"]
[WhiteElo "2574"]
[BlackElo "2433"]
[Result "1-0"]
[Round "9"]
[TimeControl "180+2"]
[Date "2023.07.25"]
[WhiteClock "0:00:20"]
[BlackClock "0:00:31"]
[Board "67"]

1. d4 d5 2. Nf3 Nf6 3. c4 c6 4. cxd5 Nxd5 5. e4 Nc7 6. Nc3 Bg4 7. Bc4 e6 8. Be3 Nd7 9. O-O Be7 10. a4 a5 11. Qb3 Qc8 12. Nd2 O-O 13. f3 Bh5 14. Rac1 Bb4 15. Rfd1 Na6 16. Ne2 Nb6 17. Bd3 Rd8 18. Nf4 Bg6 19. h4 Bd6 20. Qxb6 Nb4 21. Nc4 Bc7 22. Qc5 Qb8 23. Nxg6 hxg6 24. Qg5 b5 25. axb5 cxb5 26. Na3 Nxd3 27. Rxd3 b4 28. Nc4 e5 29. d5 Bd6 30. Nxd6 Qxd6 31. Rc6 Qf8 32. h5 gxh5 33. Qxh5 a4 34. Bc5 Qe8 35. Bxb4 Qxc6 36. dxc6 Rxd3 37. Qxe5 Rd1+ 38. Kh2 Rc1 39. Bc3 a3 40. Qxg7# 1-0


[Site "https://www.chess.com"]

[Event "Titled Tuesday Blitz July 25 Late 2023"]
[White "Sivakumar, Shaaketh"]
[Black "EsmeraldasAnderson03"]
[WhiteFideId "30940176"]
[WhiteElo "2565"]
[BlackElo "2429"]
[Result "1-0"]
[Round "9"]
[TimeControl "180+2"]
[Date "2023.07.25"]
[WhiteClock "0:01:35"]
[BlackClock "0:00:12"]
[Board "68"]

1. e4 c5 2. Nf3 d6 3. d4 cxd4 4. Qxd4 Nc6 5. Bb5 Bd7 6. Qd3 Nf6 7. c4 g6 8. Nc3 Bg7 9. Be3 O-O 10. h3 a6 11. Bxc6 Bxc6 12. O-O Rc8 13. Nd4 Nd7 14. Rac1 Nc5 15. Qb1 Bd7 16. Rfd1 Ne6 17. b3 Nxd4 18. Bxd4 Bh6 19. Rc2 b5 20. cxb5 axb5 21. Nd5 Rxc2 22. Qxc2 Be6 23. Qc6 Bxd5 24. exd5 Qa8 25. a4 bxa4 26. bxa4 Rc8 27. Qd7 Bf8 28. Bb6 Rc2 29. Qb5 Qc8 30. a5 Ra2 31. Qd3 h5 32. Re1 Qf5 33. Qxf5 gxf5 34. Rc1 Bh6 35. Rc7 Bg5 36. Ra7 Kg7 37. a6 Bf6 38. Ra8 e6 39. a7 exd5 40. Rc8 Be5 41. a8=Q Ra1+ 42. Qxa1 Bxa1 43. Rc1 Be5 44. Rd1 d4 45. Bxd4 1-0


[Site "https://www.chess.com"]

[Event "Titled Tuesday Blitz July 25 Late 2023"]
[White "Vega Gutierrez, Sabrina"]
[Black "ElDivis"]
[WhiteFideId "2219026"]
[WhiteElo "2432"]
[BlackElo "2532"]
[Result "0-1"]
[Round "9"]
[TimeControl "180+2"]
[Date "2023.07.25"]
[WhiteClock "0:00:13"]
[BlackClock "0:01:48"]
[Board "69"]

1. e4 c5 2. Nc3 Nc6 3. Nge2 g6 4. d4 cxd4 5. Nxd4 Bg7 6. Nb3 d6 7. g3 h5 8. Bg2 h4 9. O-O hxg3 10. hxg3 Bh3 11. Bxh3 Rxh3 12. Nd5 Nf6 13. Re1 Qd7 14. Nxf6+ Bxf6 15. c3 O-O-O 16. Qf3 Rdh8 17. Be3 Ne5 18. Qg2 Rh1+ 19. Qxh1 Rxh1+ 20. Kxh1 Qh3+ 21. Kg1 Nf3# 0-1


[Site "https://www.chess.com"]

[Event "Titled Tuesday Blitz July 25 Late 2023"]
[White "Fiorito, Francisco"]
[Black "Herman, Daniel"]
[WhiteFideId "180165"]
[BlackFideId "30935008"]
[WhiteElo "2527"]
[BlackElo "2423"]
[Result "1-0"]
[Round "9"]
[TimeControl "180+2"]
[Date "2023.07.25"]
[WhiteClock "0:00:29"]
[BlackClock "0:00:00"]
[Board "70"]

1. Nf3 b6 2. c4 Bb7 3. g3 e5 4. Bg2 e4 5. Nd4 Qf6 6. e3 Bc5 7. Nb3 Na6 8. a3 Nh6 9. Nc3 Qg6 10. d4 Be7 11. Nd2 f5 12. b4 c5 13. b5 Nc7 14. dxc5 bxc5 15. Bb2 O-O 16. Nb3 Rad8 17. O-O d5 18. cxd5 Nxd5 19. Nxd5 Bxd5 20. Qc2 c4 21. Na5 Rc8 22. Rfd1 Be6 23. Nc6 Bf6 24. Rd6 Qe8 25. Nxa7 Rd8 26. Rad1 Qe7 27. Nc6 Qxd6 28. Rxd6 Rxd6 29. Bxf6 Rxf6 30. Bf1 Bd7 31. Bxc4+ Kf8 32. Nd4 Ng4 33. a4 Ne5 34. Be2 f4 35. Qc5 f3 36. Bf1 Nd3 37. Qa3 Ke8 38. a5 1-0


[Site "https://www.chess.com"]

[Event "Titled Tuesday Blitz July 25 Late 2023"]
[White "Rakitic2010"]
[Black "Rottenwohrer Suarez, Juan"]
[BlackFideId "32068182"]
[WhiteElo "2420"]
[BlackElo "2525"]
[Result "1-0"]
[Round "9"]
[TimeControl "180+2"]
[Date "2023.07.25"]
[WhiteClock "0:01:28"]
[BlackClock "0:00:00"]
[Board "71"]

1. e4 e6 2. d4 d5 3. Nc3 Nf6 4. e5 Nfd7 5. f4 c5 6. Nf3 Nc6 7. Be3 cxd4 8. Nxd4 Qb6 9. Qd2 Qxb2 10. Rb1 Qa3 11. Bb5 Nxd4 12. Bxd4 a6 13. Bxd7+ Bxd7 14. Rxb7 Qe7 15. O-O Qd8 16. Rfb1 Qc8 17. Kh1 Be7 18. Na4 Bxa4 19. Rxe7+ Kxe7 20. Qb4+ Ke8 21. Qxa4+ Qd7 22. Qa5 g6 23. Bc5 h6 24. Rb6 g5 25. Qb4 gxf4 26. Rb7 Qc8 27. Re7+ Kd8 28. Qb6+ 1-0


[Site "https://www.chess.com"]

[Event "Titled Tuesday Blitz July 25 Late 2023"]
[White "Bilan, Danila"]
[Black "Nunez V, Gustavo Eduardo"]
[WhiteFideId "24161918"]
[BlackFideId "4403690"]
[WhiteElo "2522"]
[BlackElo "2420"]
[Result "1/2-1/2"]
[Round "9"]
[TimeControl "180+2"]
[Date "2023.07.25"]
[WhiteClock "0:00:03"]
[BlackClock "0:00:19"]
[Board "72"]

1. d4 c5 2. e3 cxd4 3. exd4 Nf6 4. Nf3 g6 5. Bg5 Bg7 6. c3 h6 7. Bh4 O-O 8. Nbd2 d6 9. Bc4 e5 10. dxe5 dxe5 11. O-O Nc6 12. Re1 Qc7 13. Qe2 Re8 14. h3 Be6 15. Rad1 Nd7 16. Bg3 Nb6 17. Bxe6 Rxe6 18. Ne4 f5 19. Nc5 Re7 20. Nd2 Rae8 21. f3 Kh7 22. Nc4 Nxc4 23. Qxc4 Na5 24. Qb5 b6 25. Nd3 Qc4 26. Qxc4 Nxc4 27. b3 e4 28. fxe4 fxe4 29. Nf4 Nb2 30. Rb1 Bxc3 31. Re3 Bd4 32. Bf2 Bxe3 33. Bxe3 Nd3 34. Nd5 Rf7 35. Bd4 Ref8 36. Kh2 g5 37. Nc3 Re8 38. Nd5 Kg6 39. Be3 Nf4 40. Nc3 Rc8 41. Nxe4 Re7 42. Bxf4 Rxe4 43. Bg3 Rc2 44. Rg1 Ree2 45. a3 Rb2 46. b4 Ra2 47. b5 Rxa3 48. Bb8 Raa2 49. Kg3 h5 50. Kh2 h4 51. Bc7 Rab2 52. Bd6 Rxb5 53. Rd1 Rbb2 54. Bb8 Rxg2+ 55. Kh1 Rgd2 56. Rc1 a5 57. Be5 Rbc2 58. Rb1 Kf5 59. Bb8 Rb2 60. Rf1+ Rf2 61. Rc1 b5 62. Ba7 Rh2+ 63. Kg1 Rbg2+ 64. Kf1 Rh1+ 65. Kxg2 Rxc1 66. Bb6 Rc2+ 67. Kh1 a4 68. Ba5 a3 69. Bb6 a2 70. Bg1 b4 71. Be3 b3 72. Bg1 a1=Q 1/2-1/2


[Site "https://www.chess.com"]

[Event "Titled Tuesday Blitz July 25 Late 2023"]
[White "Ai, Evan"]
[Black "Gasparyan, David"]
[WhiteFideId "2094770"]
[BlackFideId "13311980"]
[WhiteElo "2413"]
[BlackElo "2519"]
[Result "0-1"]
[Round "9"]
[TimeControl "180+2"]
[Date "2023.07.25"]
[WhiteClock "0:00:04"]
[BlackClock "0:00:26"]
[Board "73"]

1. e4 c5 2. Nf3 e6 3. d4 cxd4 4. Nxd4 Nc6 5. Nc3 Qc7 6. a3 a6 7. Be3 Nf6 8. Be2 Be7 9. O-O O-O 10. f4 d6 11. Qd2 Rd8 12. Bf3 Rb8 13. Rad1 Bd7 14. g4 Na5 15. Qg2 Nc4 16. Bc1 Qb6 17. g5 Ne8 18. Kh1 Nxb2 19. Bxb2 Qxb2 20. Nce2 e5 21. Nf5 Bf8 22. fxe5 dxe5 23. Neg3 Rbc8 24. Rd2 Rc6 25. Rfd1 g6 26. Ne3 Nd6 27. Nd5 Kh8 28. Nb4 Rc3 29. Rxd6 Bh3 30. Rxd8 Bxg2+ 31. Bxg2 Kg7 32. Nd5 Rxc2 33. Ne3 Rc1 34. Rd7 Rxd1+ 35. Rxd1 Qxa3 36. Ng4 Be7 37. h4 Qxg3 38. Nf6 Bxf6 39. gxf6+ Kxf6 40. Rf1+ Ke7 41. Rf3 Qxh4+ 42. Rh3 Qe1+ 43. Kh2 h5 44. Rd3 Qh4+ 45. Bh3 Qf4+ 0-1


[Site "https://www.chess.com"]

[Event "Titled Tuesday Blitz July 25 Late 2023"]
[White "Willy, Stephen"]
[Black "Womacka, Mathias"]
[WhiteFideId "30981468"]
[BlackFideId "4611390"]
[WhiteElo "2418"]
[BlackElo "2516"]
[Result "0-1"]
[Round "9"]
[TimeControl "180+2"]
[Date "2023.07.25"]
[WhiteClock "0:00:00"]
[BlackClock "0:00:09"]
[Board "74"]

1. d4 Nf6 2. Nc3 d5 3. Bf4 a6 4. f3 c5 5. dxc5 e6 6. b4 Nc6 7. a3 e5 8. Bg5 Be6 9. f4 Be7 10. Nf3 exf4 11. Bxf4 d4 12. Na4 Nd5 13. Bd2 O-O 14. g3 Bf6 15. Bg2 Re8 16. O-O Bf5 17. h3 Qc7 18. g4 Be4 19. Nb2 Rad8 20. Nc4 Ne3 21. Bxe3 dxe3 22. Nd6 Bxa1 23. Qxa1 Rxd6 24. cxd6 Qxd6 25. Rd1 Qg3 26. Rf1 Bxc2 27. Qc3 Bg6 28. a4 h5 29. g5 h4 30. Qc4 Be4 31. Qc3 Bxf3 32. Rxf3 Qxg5 33. Kh2 Qe5+ 34. Qxe5 Rxe5 35. b5 axb5 36. axb5 Rxb5 37. Rxe3 g6 38. Re4 Rb4 39. Re3 Kg7 40. Rd3 Rb2 41. Bf3 Ne5 42. Re3 Nxf3+ 43. Rxf3 Rxe2+ 44. Kg1 b5 45. Rb3 Re5 46. Kf2 g5 47. Kf3 Kf6 48. Ra3 Ke6 49. Ra6+ Kd5 50. Rf6 Re7 51. Rf5+ Kc4 52. Rxg5 b4 53. Rg4+ Kc3 54. Rxh4 b3 55. Rh8 Rb7 56. Rc8+ Kd4 57. Rc1 b2 58. Rb1 Kc3 59. h4 Kc2 60. Rxb2+ Rxb2 61. Kf4 Rb4+ 62. Kg5 Rb5+ 0-1


[Site "https://www.chess.com"]

[Event "Titled Tuesday Blitz July 25 Late 2023"]
[White "Bueno, Alfeu Junior Varela"]
[Black "Terletsky, Oleg"]
[WhiteFideId "2108879"]
[BlackFideId "14116774"]
[WhiteElo "2403"]
[BlackElo "2512"]
[Result "0-1"]
[Round "9"]
[TimeControl "180+2"]
[Date "2023.07.25"]
[WhiteClock "0:00:00"]
[BlackClock "0:00:25"]
[Board "75"]

1. e4 e5 2. Nc3 Nf6 3. f4 d5 4. fxe5 Nxe4 5. Qf3 Nc6 6. Bb5 Nxc3 7. dxc3 Qh4+ 8. g3 Qe4+ 9. Qxe4 dxe4 10. Bxc6+ bxc6 11. Be3 h5 12. h3 a5 13. Ne2 Ba6 14. Nd4 Bc5 15. O-O-O Bxd4 16. Rxd4 Be2 17. Bg5 Bf3 18. Rh2 O-O 19. Rd7 f6 20. exf6 gxf6 21. Bh6 Rf7 22. Rhd2 a4 23. Bf4 Kg7 24. Rxf7+ Kxf7 25. Rd7+ Kg6 26. Rxc7 h4 27. Kd2 Kf5 28. Ke3 hxg3 29. Bxg3 Rg8 30. Kf2 Bh5 31. Rxc6 e3+ 32. Kg2 e2 33. Rc5+ Ke6 34. Kf2 Rxg3 35. Rxh5 Re3 36. Ke1 f5 37. Rh8 Kd5 38. Rd8+ Ke4 0-1


[Site "https://www.chess.com"]

[Event "Titled Tuesday Blitz July 25 Late 2023"]
[White "DampFalcon"]
[Black "Plotkin, Victor"]
[BlackFideId "2606674"]
[WhiteElo "2396"]
[BlackElo "2499"]
[Result "1/2-1/2"]
[Round "9"]
[TimeControl "180+2"]
[Date "2023.07.25"]
[WhiteClock "0:00:07"]
[BlackClock "0:00:19"]
[Board "76"]

1. e4 e5 2. Nf3 Nf6 3. Nxe5 Nxe4 4. Qe2 Qe7 5. Qxe4 d6 6. d4 dxe5 7. Qxe5 Qxe5+ 8. dxe5 Bf5 9. Bd3 Bxd3 10. cxd3 Nc6 11. f4 O-O-O 12. O-O Bc5+ 13. Kh1 Nb4 14. Nc3 Nxd3 15. Ne4 Bd4 16. Rb1 f5 17. exf6 gxf6 18. Rd1 f5 19. Rxd3 fxe4 20. Rg3 Bf2 21. Be3 Bxg3 22. hxg3 Rd3 23. Re1 Rhd8 24. Kh2 b6 25. g4 c5 26. f5 c4 27. Kg3 Kd7 28. Kf4 Kc6 29. Rh1 R8d7 30. Rh6+ Kd5 31. g5 b5 32. g6 hxg6 33. Rxg6 b4 34. Ra6 c3 35. Ra5+ Kc6 36. Rc5+ Kb7 37. Rb5+ Ka6 38. Rxb4 Rd2 39. bxc3 Rxg2 40. Rxe4 Rxa2 41. f6 Ra1 42. Kf5 Rf1+ 43. Ke6 Rc7 44. Ra4+ Kb5 45. Rf4 Rxf4 46. Bxf4 Rxc3 47. f7 Rc8 48. Bd6 Rh8 49. f8=Q Rxf8 50. Bxf8 a5 51. Be7 Kc4 52. Ke5 a4 53. Bd6 Kb5 54. Kd4 Kc6 55. Kc3 Kxd6 56. Kb4 a3 57. Kxa3 1/2-1/2


[Site "https://www.chess.com"]

[Event "Titled Tuesday Blitz July 25 Late 2023"]
[White "only_strong_moves"]
[Black "littlepinkyboy"]
[WhiteElo "2495"]
[BlackElo "2373"]
[Result "1-0"]
[Round "9"]
[TimeControl "180+2"]
[Date "2023.07.25"]
[WhiteClock "0:00:53"]
[BlackClock "0:00:00"]
[Board "77"]

1. d4 d5 2. Nc3 Nf6 3. Bf4 e6 4. Nb5 Na6 5. e3 c6 6. Nc3 Nc7 7. Nf3 Bd6 8. Ne5 O-O 9. Be2 Qe7 10. O-O Nd7 11. Nxd7 Bxd7 12. Bxd6 Qxd6 13. f4 c5 14. Nb1 f6 15. c3 e5 16. Na3 exd4 17. cxd4 c4 18. Nc2 b5 19. Qd2 a5 20. a3 f5 21. Ne1 b4 22. Nf3 bxa3 23. Rxa3 a4 24. Ne5 Nb5 25. Raa1 Be6 26. Qc2 a3 27. bxa3 Rxa3 28. Rxa3 Qxa3 29. Qc1 Qxc1 30. Rxc1 Ra8 31. Bf3 Ra3 32. Kf2 Nc3 33. Nc6 Kf8 34. h3 Ke8 35. g4 Kd7 36. Ne5+ Kd6 37. Kg3 Ne4+ 38. Bxe4 fxe4 39. Kf2 Ra2+ 40. Kg3 Re2 41. Rc3 Bd7 42. f5 Ba4 43. Nf7+ Ke7 44. Ng5 h6 45. Ne6 g6 46. Nf4 Re1 47. Nxd5+ Kd6 48. Nb6 Bb3 49. fxg6 Ke6 50. d5+ Kf6 51. Kf4 Kxg6 52. Nxc4 Bxc4 53. Rxc4 Rh1 54. d6 1-0


[Site "https://www.chess.com"]

[Event "Titled Tuesday Blitz July 25 Late 2023"]
[White "kripri"]
[Black "Papayan, Oleg"]
[BlackFideId "4193911"]
[WhiteElo "2364"]
[BlackElo "2485"]
[Result "1-0"]
[Round "9"]
[TimeControl "180+2"]
[Date "2023.07.25"]
[WhiteClock "0:01:11"]
[BlackClock "0:00:19"]
[Board "78"]

1. e4 d5 2. exd5 Qxd5 3. Nc3 Qd8 4. Nf3 Bf5 5. d4 e6 6. Bc4 Be7 7. O-O Nf6 8. Bf4 O-O 9. Qe2 c6 10. Rad1 Nbd7 11. Ne5 Nb6 12. Bd3 Qxd4 13. Bg5 Qc5 14. Bxf5 exf5 15. Rfe1 Rfd8 16. Nd3 Rxd3 17. Rxd3 Kf8 18. Re3 Re8 19. Bxf6 gxf6 20. Qh5 1-0


[Site "https://www.chess.com"]

[Event "Titled Tuesday Blitz July 25 Late 2023"]
[White "Michalczak, Thomas"]
[Black "Korpics, Zsolt"]
[WhiteFideId "4622634"]
[BlackFideId "705241"]
[WhiteElo "2481"]
[BlackElo "2357"]
[Result "1/2-1/2"]
[Round "9"]
[TimeControl "180+2"]
[Date "2023.07.25"]
[WhiteClock "0:00:07"]
[BlackClock "0:00:07"]
[Board "79"]

1. e4 c5 2. c3 Nf6 3. e5 Nd5 4. Nf3 e6 5. d4 cxd4 6. cxd4 d6 7. Bc4 Nb6 8. Bb3 Bd7 9. O-O Bc6 10. Nc3 N8d7 11. Re1 dxe5 12. Nxe5 Nxe5 13. dxe5 Qxd1 14. Rxd1 Bc5 15. a4 O-O 16. a5 Nd7 17. Bf4 Bb4 18. a6 Nc5 19. axb7 Bxb7 20. Bc2 Rfd8 21. Rxd8+ Rxd8 22. Rxa7 Bxc3 23. bxc3 Be4 24. Bg5 Rb8 25. Bd1 Rb1 26. f3 Rxd1+ 27. Kf2 Bd5 28. Rc7 h6 29. Ke2 Rh1 30. Bf4 Nb3 31. c4 Nd4+ 32. Kd3 Rd1+ 33. Ke3 Bxc4 34. Rxc4 Nf5+ 35. Ke2 Rd8 36. g4 Ne7 37. Bd2 Nd5 38. Rd4 Re8 39. f4 Rc8 40. Ra4 Rb8 41. Kd3 Rc8 42. Ke4 Rd8 43. Rd4 Rc8 44. Ra4 Rb8 45. f5 Rc8 46. fxe6 fxe6 47. Ra7 Re8 48. Ba5 Rc8 49. h4 Re8 50. g5 hxg5 51. hxg5 Rc8 52. g6 Rc4+ 53. Kf3 Rc8 54. Kg4 Re8 55. Kg5 Rc8 56. Bd2 Re8 57. Rd7 Nb6 58. Rb7 Nd5 59. Ba5 Rc8 60. Kg4 Re8 61. Kh5 Nf4+ 62. Kg5 Nd5 63. Bc7 Rc8 64. Bd6 Re8 65. Rd7 Nc3 66. Rc7 Nd5 67. Rc1 Ne3 68. Re1 Nd5 69. Rf1 Rc8 70. Rf7 Re8 71. Rd7 Ne3 72. Bb4 Nd5 73. Bd2 Rc8 74. Kh5 Re8 75. Bg5 Nc3 76. Kg4 Nd5 77. Kh5 Nc3 78. Be7 Nd5 79. Bd6 Nf4+ 80. Kg5 Nh3+ 81. Kg4 Nf2+ 82. Kh5 Nd3 83. Bc7 Nf4+ 84. Kg5 Nd5 85. Bd6 1/2-1/2


[Site "https://www.chess.com"]

[Event "Titled Tuesday Blitz July 25 Late 2023"]
[White "Kozusek, Daniel"]
[Black "Tsyhanchuk, Stanislav"]
[WhiteFideId "349500"]
[BlackFideId "13505130"]
[WhiteElo "2480"]
[BlackElo "2339"]
[Result "1-0"]
[Round "9"]
[TimeControl "180+2"]
[Date "2023.07.25"]
[WhiteClock "0:00:51"]
[BlackClock "0:00:04"]
[Board "80"]

1. d4 Nf6 2. Nf3 e6 3. Bf4 c5 4. e3 Nc6 5. Nbd2 d5 6. c3 Bd6 7. Bg3 O-O 8. Bb5 Qc7 9. dxc5 Bxg3 10. hxg3 e5 11. b4 Bg4 12. Be2 a5 13. a3 d4 14. cxd4 exd4 15. exd4 axb4 16. axb4 Nxb4 17. O-O Nbd5 18. Qb3 Rae8 19. Bc4 Qd8 20. Qxb7 Be6 21. Ng5 Nc7 22. Nxe6 Nxe6 23. Bxe6 Rxe6 24. Nf3 Re7 25. Qb3 Ne4 26. Rac1 Qc7 27. Rfe1 Rfe8 28. Ne5 Nf6 29. Nd3 Ne4 30. Nf4 Qc8 31. Qe3 Nf6 32. Qxe7 Rxe7 33. Rxe7 g6 34. d5 Qd8 35. d6 Qa5 36. c6 Qd2 37. Ree1 Qxd6 38. c7 Kg7 39. c8=Q Ng4 40. Qc3+ Kh6 41. Rcd1 Qb6 42. Qd4 Qb5 43. Nxg6 fxg6 44. Qxg4 Qb2 45. Qh4+ Kg7 46. Re7+ Kf8 47. Rd8# 1-0


[Site "https://www.chess.com"]

[Event "Titled Tuesday Blitz July 25 Late 2023"]
[White "slidingknight2775"]
[Black "Sariego Figueredo, Wilfredo"]
[BlackFideId "3500080"]
[WhiteElo "2480"]
[BlackElo "2269"]
[Result "1-0"]
[Round "9"]
[TimeControl "180+2"]
[Date "2023.07.25"]
[WhiteClock "0:00:10"]
[BlackClock "0:00:27"]
[Board "81"]

1. Nf3 d5 2. g3 c5 3. Bg2 Nc6 4. d4 e6 5. O-O Nf6 6. c4 cxd4 7. Nxd4 Bc5 8. Nxc6 bxc6 9. Qc2 Bb6 10. b3 O-O 11. Ba3 Re8 12. Nc3 e5 13. cxd5 cxd5 14. Na4 Be6 15. Nxb6 axb6 16. Bb2 Rc8 17. Qd2 Qd6 18. f4 e4 19. Bd4 Bf5 20. e3 Nd7 21. Qb2 f6 22. b4 Rc4 23. a3 Rec8 24. Rfc1 b5 25. Bf1 Rxc1 26. Rxc1 Rxc1 27. Qxc1 Qa6 28. Qc3 Nf8 29. Be2 Bd7 30. Kf2 Ne6 31. g4 Nxd4 32. Qxd4 Bc6 33. Qc5 Qb7 34. Qd4 Bd7 35. h4 h5 36. gxh5 Bc6 37. h6 Qd7 38. hxg7 Kxg7 39. h5 Qh3 40. Qa7+ Kh6 41. Qf7 Qh4+ 42. Kg2 Be8 43. Qxe8 1-0


[Site "https://www.chess.com"]

[Event "Titled Tuesday Blitz July 25 Late 2023"]
[White "Francisco_Ferrari"]
[Black "marik_spb"]
[WhiteElo "2238"]
[BlackElo "2470"]
[Result "0-1"]
[Round "9"]
[TimeControl "180+2"]
[Date "2023.07.25"]
[WhiteClock "0:00:13"]
[BlackClock "0:00:18"]
[Board "82"]

1. e4 c6 2. d4 d5 3. exd5 cxd5 4. Bd3 Nf6 5. Bf4 Nc6 6. c3 Bg4 7. Nf3 e6 8. Nbd2 Bd6 9. Bxd6 Qxd6 10. O-O O-O 11. h3 Bh5 12. Re1 Qc7 13. Nf1 Rab8 14. Ng3 Bg6 15. Bxg6 hxg6 16. Ne2 b5 17. a3 a5 18. Nc1 b4 19. cxb4 axb4 20. a4 Ne4 21. Nd3 Qa7 22. Nde5 Nxe5 23. Nxe5 Rfc8 24. Qd3 b3 25. Ra3 Rb4 26. Rxb3 Rxd4 27. Qf3 Rxa4 28. Ra3 Rxa3 29. bxa3 Rc2 30. Rf1 Rc3 31. Qg4 Nxf2 32. Rxf2 Rc1+ 33. Kh2 Qxf2 34. Nf3 Rc3 35. Qf4 Rxa3 36. Qb8+ Kh7 37. Ng5+ Kh6 38. Nf3 Rxf3 39. Qh8+ Kg5 40. Qxg7 Qg3+ 41. Kg1 Qe1+ 42. Kh2 Qg3+ 43. Kg1 Rf5 44. Qd4 Qe1+ 45. Kh2 Qe5+ 46. Qxe5 Rxe5 47. h4+ Kxh4 48. g3+ Kg4 49. Kg2 Re3 50. Kf2 Rxg3 51. Kf1 Rf3+ 52. Ke2 Kf4 53. Kd2 g5 54. Kd1 g4 55. Kc2 g3 56. Kd1 g2 57. Kd2 g1=Q 58. Ke2 Qg2+ 59. Kd1 Rf1# 0-1


[Site "https://www.chess.com"]

[Event "Titled Tuesday Blitz July 25 Late 2023"]
[White "Kirillov, Dmitry"]
[Black "Butolo, Alexandru-Mircea"]
[WhiteFideId "34180572"]
[BlackFideId "1261649"]
[WhiteElo "2466"]
[BlackElo "1880"]
[Result "1-0"]
[Round "9"]
[TimeControl "180+2"]
[Date "2023.07.25"]
[WhiteClock "0:00:50"]
[BlackClock "0:00:02"]
[Board "83"]

1. d4 Nf6 2. Nf3 d5 3. Bg5 e6 4. e3 Be7 5. Nbd2 h6 6. Bh4 Nbd7 7. Bd3 b6 8. c3 Bb7 9. O-O Ne4 10. Bxe7 Qxe7 11. a4 a5 12. Qc2 f5 13. c4 c5 14. cxd5 exd5 15. dxc5 bxc5 16. Bb5 O-O 17. Rac1 Rac8 18. Rfd1 Ne5 19. Nxe5 Qxe5 20. Nf3 Qf6 21. Qb3 Qf7 22. Ne5 Qe6 23. Bd7 Qxe5 24. Qxb7 Rb8 25. Qxd5+ Qxd5 26. Rxd5 Rxb2 27. Bxf5 Nxf2 28. Rf1 g6 29. Bxg6 Re2 30. Rf5 Rxf5 31. Bxf5 c4 32. Rxf2 Re1+ 33. Rf1 Rxe3 34. Rc1 c3 35. Kf2 1-0


[Site "https://www.chess.com"]